AoeStats
← Skissue

Arabia

503846150Analyzed
1v1 RM · 1mo ago on Sep 2, 2026· 44m 44s· 2 players
Game mode
Random Map
Map size
Tiny (2 player)
Population
200
Speed
Normal
Resources
Standard
Victory
Conquest
Starting age
Dark Age
Ending age
Imperial Age
RankedLock teamsTeams togetherTeam positionsShared explorationLock speedFull tech treeHidden civsTurbo modeCheats
Victory
Defeat
🇨🇦 Spanish · Canada
1186
+18
🇨🇳 Spanish · China
1224
-18
Skissue
7:37 Loom
9:45 Feudal Age
10:48 Double-Bit Axe
10:44 Horse Collar
20:48 Castle Age
20:33 Gold Mining
21:04 Padded Archer Armor
24:07 Leather Archer Armor
30:45 Bow Saw
34:55 Wheelbarrow
35:25 Bloodlines
40:37 Imperial Age
40:00 Scale Barding Armor
39:59 Husbandry
42:08 Conscription
42:22 Ring Archer Armor
41:43 Fletching
42:17 Ballistics
42:58 Chemistry
41:36 Light Cavalry
42:35 Hussar
43:45 Elite Conquistador
44:55 Chain Barding Armor
46:08 Two-Man Saw
Skt_T1丶Pigker
10:35 Feudal Age
9:45 Loom
15:52 Castle Age
15:55 Scale Mail Armor
15:55 Padded Archer Armor
17:27 Double-Bit Axe
25:45 Sanctity
26:23 Leather Archer Armor
26:46 Horse Collar
33:47 Fletching
37:23 Bow Saw
37:21 Heavy Plow
38:09 Wheelbarrow
37:25 Town Watch
42:48 Imperial Age
41:00 Gold Mining
41:03 Stone Mining
41:27 Bodkin Arrow
41:47 Elite Skirmisher
42:51 Ballistics
45:02 Chemistry
Connection lost

Rejoining the realm…

Still unreachable

The connection could not be restored.

Session expired

The server has moved on; the page needs a fresh start.